 Dungeon Crawl Stone Soup version 0.31-a0-845-g9abc20d24f (webtiles) character file.

Game seed: 18001761426473192543

428 IdlyInterested the Trooper (level 6, -5/53 HPs)
             Began as a Demonspawn Wanderer on Oct 2, 2023.
             Killed by divine providence
             ... invoked by an orc priest
              (16 damage)
             ... on level 4 of the Dungeon.
             The game lasted 00:11:03 (4108 turns).

IdlyInterested the Trooper (Demonspawn Wanderer)    Turns: 4108, Time: 00:11:03

Health: -5/53      AC:  5    Str: 14    XL:     6   Next: 65%
Magic:  6/6        EV: 10    Int: 19    God:
Gold:   199        SH:  0    Dex: 15    Spells: 5/5 levels left

rFire   . .          .
                       - Unarmed
rCold   . . .        (no shield)
rNeg    . . .        m - +0 ring mail
rPois   .            (helmet restricted)
rElec   .            s - scarf {+Inv}
rCorr   .            (no gloves)
SInv    .            (no boots)
Will    .....        (no amulet)
Stlth   ++           y - +6 ring of intelligence
HPRegen 0.28/turn    (no ring)
MPRegen 0.10/turn

%: no passive effects
@: no status effects
A: antennae 1, thin skeletal structure 1, demonic guardian 1, foul stench 1
a: Evoke Invisibility


You were on level 4 of the Dungeon.
You visited 1 branch of the dungeon, and saw 4 of its levels.

You collected 199 gold pieces.

Inventory:

Hand Weapons
 a - a +1 hand axe
 p - a +0 short sword
Missiles
 i - 3 boomerangs
 k - 24 stones (quivered)
 q - 3 poisoned darts
Armour
 m - a +0 ring mail (worn)
 s - a scarf of invisibility (worn)
 v - a +0 robe of willpower
Jewellery
 w - an amulet of faith
 y - a +6 ring of intelligence (left hand)
Scrolls
 b - a scroll of fear
 d - 3 scrolls of teleportation
 e - a scroll of enchant weapon
 g - 2 scrolls of enchant armour
 r - a scroll of brand weapon {unknown}
 t - a scroll of immolation {unknown}
 x - a scroll of acquirement {unknown}
 z - a scroll of vulnerability {unknown}
Potions
 c - a potion of invisibility
 f - a potion of magic
 j - a potion of attraction
 l - a potion of haste
 n - a potion of brilliance {unknown}
 o - a potion of enlightenment {unknown}
 u - a potion of heal wounds {unknown}


   Skills:
 + Level 6.5 Fighting
 - Level 2.0 Axes
 - Level 2.0 Throwing
 + Level 1.1 Armour
 - Level 1.0 Dodging
 - Level 2.0 Stealth
 - Level 4.5 Unarmed Combat
 - Level 1.0 Evocations


You had 5 spell levels left.
You didn't know any spells.
Your spell library contained the following spells:

 Spells                   Type           Power      Damage    Failure   Level
 Ensorcelled Hibernation  Hex/Ice        0%         N/A       54%         2
 Gell's Gravitas          Tloc           0%         N/A       77%         3
 Teleport Other           Tloc           0%         N/A       77%         3
 Tukima's Dance           Hex            0%         N/A       77%         3
 Leda's Liquefaction      Hex/Erth       0%         N/A       99%         4
 Dispersal                Tloc           0%         N/A       100%        6


Dungeon Overview and Level Annotations

Branches:
Dungeon (4/15)             Temple (0/1) D:4

Altars:
Makhleb

Annotations:
D:4 Robin


Innate Abilities, Weirdness & Mutations

You have a pair of small antennae on your head.
You have a somewhat thin skeletal structure. (Dex +2, Stealth+)
A weak demonic guardian rushes to your aid.
You may rarely emit foul miasma when damaged in melee.


Message History

Items here: )))) †††††.
Okay, then.
q - 4 poisoned darts (gained 1)
Things that are here:
a +0 dagger; a goblin corpse An orc comes into view.
It is wielding a +0 whip.
You see here a poisoned dart.
Throw: 4 darts (poison)
Press: ? - help, Shift-Dir - straight line, f - orc
Aim: an orc, wielding a +0 whip (wandering, hasn't noticed you, 60% to hit)
You throw a poisoned dart.
The poisoned dart closely misses the orc.
The orc shouts!
An orc priest comes into view. It is wielding a +3 flail.
An orc comes into view. It is wielding a +0 club.
The orc shouts!
An orc comes into view. It is wielding a +0 flail.
An orc comes into view. It is wielding a +0 falchion.
The orc shouts!
The orc hits you with a +0 whip.
The orc priest shouts!
You punch the orc!
You kill the orc!
The orc priest mumbles some strange prayers to Beogh against you.
Pain shoots through your body!
You see here a +0 whip.
The orc priest invokes the aid of Beogh against you.
Beogh smites you!
A demonic guardian appears!
You swap places.
You closely miss the orc priest.
The orc priest hits you with a +3 flail.
You closely miss the orc priest. The orc hits you with a +0 flail.
The orc priest invokes the aid of Beogh against you.
Pain shoots through your body!
* * * LOW HITPOINT WARNING * * *
You swap places.
Your white imp hits the orc priest.
Your white imp freezes the orc priest.
The orc closely misses your white imp.
The orc priest mumbles some strange prayers to Beogh against you.
Beogh smites you!
You die...

#.##.#..##.#.##.##.## ##.## ##.
..##.#. #.#.##.###.###.## #.
.....# #...##.# ##...## #. ######
##..##.# ##.## ##' ## # #..##.#
#.# ##.. .## #..###..##)# #.##
##... ..# #.........)# #..##
##.... ...#
##..!#(#########...####.....
...'...........)@5ooo.>....+.....
...####.))#.######o#....####.....
..## #..(...# #.###..## ##....
.### #......# ##.#.### ##... ...#
#.....## #.## ##.. ...# ##...#
#.# ##' ...#####.# #####.#### #.
......##. #........#########.
....... #.###.##.#.......#.


You could see an orc priest (ally target), 3 orcs and a friendly white imp
(summoned).

Vanquished Creatures
  Blork the orc (D:4)
  A scorpion (D:4)
  An orc priest (D:4)
  A hound (D:4)
  Jessica (D:3)
  A gnoll (D:4)
  A worm (D:3)
  2 dart slugs (D:1)
  4 orcs
  4 bats
  5 endoplasms
  3 giant cockroaches
  11 goblins
  9 hobgoblins
  10 kobolds
  2 quokkas
  9 ball pythons
  3 frilled lizards (D:1)
  5 rats
74 creatures vanquished.

Vanquished Creatures (collateral kills)
  A sky beast (D:4)
  3 gnolls (D:4)
  A worm (D:3)
  A kobold (D:4)
6 creatures vanquished.

Grand Total: 80 creatures vanquished

Notes
Turn   | Place    | Note
-------+----------+-------------------------------------------
     0 | D:1      | IdlyInterested the Demonspawn Wanderer began the quest for
                  | the Orb.
     0 | D:1      | IdlyInterested set off with the following items: a +1 hand
                  | axe, a scroll of fear, a potion of invisibility, a scroll
                  | of teleportation, a +0 leather armour.
     0 | D:1      | Reached XP level 1. HP: 19/19 MP: 1/1
   214 | D:1      | Reached skill level 1 in Armour
   258 | D:1      | Gained mutation: You have a somewhat thin skeletal
                  | structure. (Dex +2, Stealth+) [demonic ancestry]
   258 | D:1      | Reached XP level 2. HP: 10/25 MP: 2/2
   436 | D:1      | Reached skill level 1 in Dodging
   656 | D:1      | You fall into a shaft and drop 1 floor!
  1067 | D:1      | Gained mutation: A weak demonic guardian rushes to your
                  | aid. [demonic ancestry]
  1067 | D:1      | Reached XP level 3. HP: 20/31 MP: 3/3
  1345 | D:2      | Reached skill level 1 in Throwing
  1894 | D:3      | HP: 1/31 [worm (7)]
  2026 | D:3      | Noticed Jessica
  2042 | D:3      | Killed Jessica
  2043 | D:3      | Reached skill level 1 in Evocations
  2043 | D:3      | Gained mutation: You have a pair of small antennae on your
                  | head. [demonic ancestry]
  2043 | D:3      | Reached XP level 4. HP: 18/38 MP: 4/4
  2604 | D:4      | Noticed a scorpion
  2611 | D:4      | Killed a scorpion
  2612 | D:4      | Reached skill level 5 in Fighting
  2612 | D:4      | Reached XP level 5. HP: 22/44 MP: 5/5
  2858 | D:4      | Got a whispering book
  3109 | D:4      | Noticed Blork the orc
  3130 | D:4      | Killed Blork the orc
  3458 | D:4      | Gained mutation: You may rarely emit foul miasma when
                  | damaged in melee. [demonic ancestry]
  3458 | D:4      | Reached XP level 6. HP: 29/52 MP: 6/6
  3646 | D:4      | Found a staircase to the Ecumenical Temple.
  3659 | D:4      | Reached skill level 6 in Fighting
  3736 | D:4      | Found a burning altar of Makhleb.
  3836 | D:4      | Noticed a sky beast
  3853 | D:4      | Killed a sky beast
  4061 | D:4      | Noticed Robin
  4108 | D:4      | Killed from afar by an orc priest

Illustrated notes

Levels and vault maps discovered:
D:1:      minmay_arrival_four_houses, layout_basic, st_stairs_14
D:2:      layout_loops_ring
D:3:      layout_basic, uniq_jessica
D:4:      layout_loops_corners, mainiacjoe_overflow_six_doors_small,
          temple_fountains, uniq_robin, uniq_blork_the_orc

Skill      XL: |  1  2  3  4  5  6 |
---------------+-------------------+-----
Armour         | 1 |  1.1
Dodging        | 1 |  1.0
Throwing       | 1 2 |  2.0
Evocations     | 1 |  1.0
Fighting       | 5 6 |  6.5
Stealth        | 2 |  2.0
Axes           | 2 |  2.0
Unarmed Combat | |  4.5

Action                     |  1- 3 |  4- 6 || total
---------------------------+-------+-------++-------
  Melee: Unarmed           |   102 |   135 ||   237
         Punch             |     2 |     3 ||     5
  Throw: Dart              |     2 |     7 ||     9
         Boomerang         |     1 |       ||     1
         Stone             |       |     7 ||     7
    Use: Scroll            |     2 |     3 ||     5
         Potion            |     1 |     1 ||     2
   Stab: Sleeping          |     2 |     5 ||     7
 Armour: Leather armour    |    34 |       ||    34
         Ring mail         |    22 |    63 ||    85
  Dodge: Dodged            |    49 |    39 ||    88

Table legend: (Time is in decaauts)
 A = Elapsed time spent in this place.
 B = Non-inter-level travel time spent in this place.
 C = Inter-level travel time spent in this place.
 D = Time resting spent in this place.
 E = Time spent auto-exploring this place.
 F = Levels seen in this place.
 G = Mean time per level.
                   A        B        C        D        E       F      G
               +--------+--------+--------+--------+--------+-----+--------+
         Total |   4069 |   3688 |    381 |    997 |   1867 |   4 | 1017.2 |
       Dungeon |   4069 |   3688 |    381 |    997 |   1867 |   4 | 1017.2 |
               +--------+--------+--------+--------+--------+-----+--------+

Top non-repeatable levels by time:
     D:4: 1358 daAuts
     D:1: 1157 daAuts
     D:3: 917 daAuts
     D:2: 636 daAuts
